 Dungeon Crawl Stone Soup version 0.22.0-27-ga576289 (webtiles) character file.

22197 Lew the Fighter (level 12, -4/79 HPs)
             Began as a Gargoyle Abyssal Knight on Aug 21, 2018.
             Was the Champion of Lugonu.
             Slain by an ettin
             ... wielding a +1 dire flail of protection
              (32 damage)
             ... on level 2 of the Orcish Mines.
             The game lasted 00:46:55 (13488 turns).

Lew the Fighter (Gargoyle Abyssal Knight)          Turns: 13488, Time: 00:46:56

Health: -4/79      AC: 28    Str: 19    XL:     12   Next: 98%
Magic:  17/17      EV: 15    Int: 16    God:    Lugonu [******]
Gold:   852        SH:  4    Dex: 10    Spells: 11/11 levels left

rFire    + . .     SeeInvis +   D - +4 war axe (distort)
rCold    . . .     Gourm    .   B - +0 buckler {AC+3}
rNeg     + . .     Faith    .   E - +0 acid dragon scales
rPois    ∞         Spirit   .   A - +3 crown of Dyrovepreva {rElec Int+2 SInv}
rElec    +         Reflect  .   h - +2 cloak
rCorr    +         Harm     .   e - +0 pair of gloves
MR       .....                  (no boots)
Stlth    +++.......             m - amulet of regeneration
HPRegen  0.63/turn              x - ring of resist corrosion
MPRegen  0.15/turn              (no ring)

@: no status effects
A: fire resistance 1, negative energy resistance 1, electricity resistance,
unbreathing, evolution 1, petrification resistance, rot immunity, AC +8
a: Depart the Abyss, Bend Space, Banish, Corrupt, Enter the Abyss, Renounce
Religion


You were on level 2 of the Orcish Mines.
You worshipped Lugonu.
Lugonu was exalted by your worship.
You were hungry.

You visited 2 branches of the dungeon, and saw 14 of its levels.
You visited the Abyss 1 time.
You also visited: Sewer and Ossuary.

You collected 1256 gold pieces.
You spent 404 gold pieces at shops.

Inventory:

Hand Weapons
 D - a +4 war axe of distortion (weapon)
Armour
 e - a +0 pair of gloves (worn)
 h - a +2 cloak (worn)
 A - the +3 crown of Dyrovepreva (worn) {rElec Int+2 SInv}
   (You found it on level 6 of the Dungeon)

   It affects your intelligence (+2).
   It insulates you from electricity.
   It lets you see invisible.
 B - a +0 buckler of protection (worn)
 E - +0 acid dragon scales (worn)
Jewellery
 f - an uncursed amulet of the gourmand
 g - an uncursed amulet of the acrobat
 m - an amulet of regeneration (around neck)
 x - a ring of resist corrosion (left hand)
Wands
 d - a wand of acid (6)
 y - a wand of disintegration (14)
Scrolls
 i - 9 scrolls of teleportation
 j - 2 scrolls of fear
 q - 3 scrolls of remove curse
 u - 3 scrolls of magic mapping
 w - a scroll of blinking
 C - a scroll of silence
Potions
 b - 2 potions of flight
 k - a potion of lignification
 l - 4 potions of haste
 t - 3 potions of curing
 z - 2 potions of agility
 H - 2 potions of might
Comestibles
 c - 13 rations


   Skills:
 * Level 10.6 Fighting
   Level 4.0 Short Blades
 * Level 8.4 Axes
 * Level 10.4 Armour
 * Level 7.9 Dodging
 + Level 7.2 Stealth
 - Level 4.0 Shields
 + Level 7.9 Invocations


You had 11 spell levels left.
You didn't know any spells.
Your spell library contained the following spells:

 Spells                   Type           Power        Failure   Level  Hunger
 Summon Lightning Spire   Summ/Air       #.......     97%         4    #####..
 Silence                  Hex/Air        #.........   100%        5    ######.
 Conjure Ball Lightning   Conj/Air       #.........   100%        6    #######
 Deflect Missiles         Chrm/Air       #.........   100%        6    #######
 Tornado                  Air            #.........   100%        9    #######


Dungeon Overview and Level Annotations

Branches:
Dungeon (12/15)            Temple (0/1) D:4            Lair (0/6) D:9
    Orc (2/2) D:12
    Elf: Orc:2

Altars:
Dithmenos
Fedhas
Gozag
Hepliaklqana
Nemelex Xobeh
Okawaru
Qazlal
Sif Muna
Wu Jian

Shops:
D:9 [   D:10 ([!   D:11 *

Portals:
Trove: D:12 (give 2 scrolls of acquirement)


Innate Abilities, Weirdness & Mutations

You are resistant to torment.
Your stone body is resilient. (AC +8)
You are immune to poison.
You resist negative energy. (rN+)
You are resistant to electric shocks. (rElec)
You can survive without breathing.
You are immune to petrification.
You are immune to rotting.
Your flesh is heat resistant. (rF+)
You evolve.


Message History

An ettin comes into view.
It is wielding a dire flail of protection and a dire flail.
An ettin is nearby!
An ettin is nearby!
The helpless ettin fails to defend itself.
You hit the ettin.
Space bends around the ettin.
The ettin is lightly wounded.
The ettin hits you with a dire flail of protection.
The ettin hits you with a dire flail!
Unknown command.
You slash the ettin!
Space bends around the ettin.
The ettin is lightly wounded.
The ettin hits you with a dire flail of protection!
The ettin hits you but does no damage.
Unknown command.
You hit the ettin.
Space bends around the ettin.
The ettin is moderately wounded.
The ettin barely misses you. The ettin hits you with a dire flail!!
Okay, then.
The ettin misses you. The ettin hits you with a dire flail!!
You die...

.#.......# .##.....#####
...#........# .####.......#
..#.........## #######
.............## ### .......
#.......###.#.####.###.......
.......###.....#....#........
........###.#.#.@C...........
........####.................
.........# ##.#..............
....#...## ###..............
.....#### #..............
....## #..............
..##.## #...#.#.....#...
......## #...####...##..
..##...#


You could see an ettin.

Vanquished Creatures
  Josephine (Orc:1)
  4 two-headed ogres
  Erica (D:8)
  2 unseen horrors
  An orc knight (D:12)
  3 orc sorcerers (Orc:1)
  A manticore (D:12)
  2 guardian mummies (D:12)
  A queen bee (D:8)
  5 trolls
  3 hippogriffs
  12 yaks
  7 wraiths
  A wyvern (D:10)
  A steam dragon (D:11)
  A hungry ghost (D:12)
  Grum (D:11)
  2 wargs
  An acid dragon (D:12)
  Menkaure (D:4)
  3 porcupines (D:9)
  3 orc warriors
  5 black bears
  5 ogres
  3 ice beasts
  Purgy (Sewer)
  5 wolves
  5 crocodiles
  9 centaurs
  4 big kobolds
  2 elf zombies (D:8)
  6 bullfrogs
  An elf skeleton (D:8)
  7 scorpions
  15 killer bees (D:8)
  4 wights (D:8)
  The ghost of Lauz the Magician, a weakling DrWz of Sif Muna (D:3)
  3 howler monkeys
  4 centaur zombies
  A quasit (D:9)
  A bullfrog zombie (D:5)
  5 hounds
  3 jellies
  4 orc priests
  5 centaur skeletons
  3 iguanas
  A bullfrog skeleton (D:2)
  5 orc wizards
  A human skeleton (D:8)
  5 worker ants
  2 big kobold zombies (Ossuary)
  A hound skeleton (D:9)
  3 mummies (Ossuary)
  7 gnolls
  12 adders
  3 shadow imps
  3 oozes
  An adder skeleton (D:8)
  2 worms
  A dart slug (D:2)
  13 leopard geckos
  34 orcs
  2 ball pythons (Sewer)
  A giant cockroach (D:1)
  8 goblins
  3 hobgoblins
  6 jackals
  5 quokkas
  6 bats
  14 frilled lizards
  3 hobgoblin zombies (Ossuary)
  30 kobolds
  2 orc skeletons (D:8)
  2 orc zombies (D:8)
  A quokka skeleton (D:5)
  7 rats
  A fungus (D:9)
344 creatures vanquished.

Vanquished Creatures (others)
  A two-headed ogre (D:8)
  2 ogres (Orc:2)
  A necrophage (D:8)
  A centaur (D:5)
  2 elf skeletons (D:8)
  A human zombie (D:8)
  2 hounds
  An orc wizard (D:4)
  An iguana (D:4)
  2 big kobold zombies (Ossuary)
  A hound zombie (D:5)
  A mummy (Ossuary)
  A worker ant zombie (D:8)
  A howler monkey zombie (D:8)
  A gnoll (D:6)
  2 orcs
  A jackal (D:4)
  A fungus (D:9)
  5 plants (D:9)
28 creatures vanquished.

Grand Total: 372 creatures vanquished

Notes
Turn   | Place    | Note
-------+----------+-------------------------------------------
     0 | Abyss:1  | Lew the Gargoyle Abyssal Knight began the quest for the Orb.
     0 | Abyss:1  | Reached XP level 1. HP: 14/14 MP: 2/2
   104 | Abyss:1  | Noticed a large abomination
   124 | Abyss:1  | Noticed a large abomination
   130 | Abyss:1  | Noticed a quasit
   131 | D:1      | Escaped the Abyss
   235 | D:1      | Reached * piety under Lugonu
   235 | D:1      | Reached skill level 1 in Dodging
   235 | D:1      | Reached XP level 2. HP: 11/19 MP: 3/3
   719 | D:1      | Reached XP level 3. HP: 19/23 MP: 4/4
   848 | D:2      | Found an iron altar of Okawaru.
   848 | D:2      | Found a deep blue altar of Sif Muna.
   848 | D:2      | Found a stormy altar of Qazlal.
  1084 | D:2      | Reached XP level 4. HP: 7/29 MP: 5/5
  1347 | D:2      | Found a sparkling altar of Nemelex Xobeh.
  1477 | D:2      | Reached XP level 5. HP: 26/33 MP: 7/7
  1952 | D:2      | Found a blossoming altar of Fedhas.
  2005 | D:2      | Found an opulent altar of Gozag.
  2009 | D:2      | Found a shadowy altar of Dithmenos.
  2218 | D:3      | Reached ** piety under Lugonu
  2440 | D:3      | Found a runed gate.
  2441 | D:3      | Noticed Lauz's ghost (weakling DrWz)
  2445 | D:3      | Noticed a big kobold
  2448 | D:3      | Found a runed gate.
  2492 | D:3      | Found a runed gate.
  2532 | D:3      | Found a glowing drain.
  2554 | Sewer    | Entered a sewer
  2574 | Sewer    | Noticed Purgy
  2591 | Sewer    | Killed Purgy
  2591 | Sewer    | Reached XP level 6. HP: 33/39 MP: 8/8
  3104 | D:3      | Killed Lauz's ghost
  3206 | D:4      | Reached XP level 7. HP: 42/44 MP: 9/9
  3601 | D:4      | Found a staircase to the Ecumenical Temple.
  3746 | D:4      | Reached *** piety under Lugonu
  3746 | D:4      | Reached skill level 5 in Fighting
  3746 | D:4      | Reached skill level 1 in Short Blades
  3894 | D:4      | Reached skill level 1 in Stealth
  4103 | D:4      | Noticed Menkaure
  4116 | D:4      | Killed Menkaure
  4180 | D:4      | Reached XP level 8. HP: 47/49 MP: 11/11
  4343 | D:5      | Entered Level 5 of the Dungeon
  4396 | D:5      | Reached skill level 5 in Armour
  4556 | D:5      | Found an ornate altar of the Wu Jian Council.
  4813 | D:5      | Reached **** piety under Lugonu
  5338 | D:6      | Reached XP level 9. HP: 49/55 MP: 12/12
  5756 | D:6      | Found the +3 crown of Dyrovepreva {rElec Int+2 SInv}
  6532 | D:8      | Noticed a queen bee
  6550 | D:8      | Killed a queen bee
  6563 | D:8      | Reached skill level 5 in Invocations
  6751 | D:8      | Noticed a two-headed ogre
  6765 | D:8      | Killed a two-headed ogre
  6765 | D:8      | Reached skill level 5 in Axes
  6765 | D:8      | Reached skill level 5 in Dodging
  6765 | D:8      | Reached XP level 10. HP: 39/63 MP: 12/14
  6930 | D:8      | Noticed Erica
  7100 | D:8      | Found a sand-covered staircase.
  7106 | Ossuary  | Entered an ossuary
  7403 | D:8      | Reached ***** piety under Lugonu
  7585 | D:8      | Noticed a two-headed ogre
  7590 | D:8      | Banished a two-headed ogre
  7639 | D:8      | Killed Erica
  8552 | D:9      | Found a staircase to the Lair.
  8623 | D:9      | Reached skill level 5 in Stealth
  8711 | D:9      | Reached XP level 11. HP: 54/69 MP: 15/15
  8838 | D:9      | Found Geiruvug's Antique Armour Shop.
  8846 | D:9      | Bought a runed chain mail for 202 gold pieces
  9029 | D:9      | Found a hazy altar of Hepliaklqana.
  9151 | D:10     | Entered Level 10 of the Dungeon
  9405 | D:10     | Found Ytosuox's Weapon Boutique.
  9491 | D:10     | Found Ewuered's Antique Armour Shop.
  9494 | D:10     | Bought a runed buckler for 202 gold pieces
  9778 | D:10     | Noticed a two-headed ogre
  9793 | D:10     | Killed a two-headed ogre
  9793 | D:10     | Reached skill level 1 in Shields
 10146 | D:10     | Found Giyrid's Distillery.
 10294 | D:11     | Noticed a two-headed ogre
 10308 | D:11     | Killed a two-headed ogre
 10339 | D:11     | Noticed an unseen horror
 10345 | D:11     | Found Pehat's Assorted Antiques.
 10401 | D:11     | Killed an unseen horror
 10732 | D:11     | Noticed Grum
 10741 | D:11     | Reached XP level 12. HP: 68/76 MP: 17/17
 10768 | D:11     | Killed Grum
 11171 | D:12     | Noticed a two-headed ogre
 11186 | D:12     | Killed a two-headed ogre
 11246 | D:12     | Found a shadowy altar of Dithmenos.
 11354 | D:12     | Found a staircase to the Orcish Mines.
 11372 | D:12     | Reached ****** piety under Lugonu
 11432 | D:12     | Reached skill level 10 in Fighting
 11803 | D:12     | Reached skill level 10 in Armour
 11985 | D:12     | Found a portal to a secret trove of treasure.
 12245 | D:12     | Gained mutation: Your flesh is heat resistant. (rF+) [potion of mutation]
 12245 | D:12     | Gained mutation: You evolve. [potion of mutation]
 12273 | Orc:1    | Entered Level 1 of the Orcish Mines
 12284 | Orc:1    | Paralysed by an orc sorcerer for 7 turns
 12320 | Orc:1    | Noticed Josephine
 12344 | Orc:1    | Killed Josephine
 12598 | Orc:1    | Noticed a sun demon
 12725 | D:12     | Identified a +4 war axe of distortion (a +2 war axe corrupted by Lugonu)
 12725 | D:12     | Received a gift from Lugonu
 12736 | Orc:1    | Paralysed by an orc sorcerer for 2 turns
 13183 | Orc:2    | Entered Level 2 of the Orcish Mines
 13183 | Orc:2    | Noticed an orc warlord
 13479 | Orc:2    | Noticed an ettin
 13488 | Orc:2    | Slain by an ettin

Skill      XL: |  1  2  3  4  5  6  7  8  9 10 11 12 |
---------------+-------------------------------------+-----
Dodging        | 1 2 3 4 5 6 7 |  7.9
Axes           | 2 3 4 5 6 7 8 |  8.4
Armour         | 3 4 5 6 8 9 10 | 10.4
Fighting       | 4 5 6 7 8 9 10 | 10.6
Invocations    | 3 4 5 6 7 |  7.9
Short Blades   | 1 2 3 4 |  4.0
Stealth        | 1 2 4 5 6 7 |  7.2
Shields        | 2 4 |  4.0

Action                   |  1- 3 |  4- 6 |  7- 9 | 10-12 || total
-------------------------+-------+-------+-------+-------++-------
Melee: Hand axe          |    84 |   197 |       |       ||   281
       Dagger            |       |    11 |   347 |   275 ||   633
       War axe           |       |       |       |   790 ||   790
Invok: Depart the Abyss  |     1 |       |       |       ||     1
       Bend Space        |       |       |       |     5 ||     5
       Brand Weapon With |       |       |       |     1 ||     1
Evoke: Wand              |       |       |       |     5 ||     5
  Use: Potion            |     7 |     2 |     1 |     9 ||    19
       Scroll            |     6 |    14 |     4 |    16 ||    40
 Stab: Sleeping          |       |       |     5 |     9 ||    14
       Distracted        |       |       |       |     2 ||     2
  Eat: Chunk             |       |     2 |    16 |     9 ||    27
       Ration            |       |     2 |     1 |     4 ||     7
Armor: Leather armour    |    15 |       |       |       ||    15
       Ring mail         |    38 |   107 |       |       ||   145
       Troll leather arm |       |    26 |   160 |   661 ||   847
       Acid dragon scale |       |       |       |   177 ||   177
Dodge: Dodged            |    48 |   146 |   273 |  1055 ||  1522
Block: Buckler           |       |       |       |   195 ||   195
